 Dungeon Crawl Stone Soup version 0.24-a0-290-gbb66a67 (webtiles) character file.

Game seed: 13486194524537316421

19 Mgcat the Skirmisher (level 2, -5/24 HPs)
             Began as a Mummy Monk on May 8, 2019.
             Slain by a worm (12 damage)
             ... on level 2 of the Dungeon.
             The game lasted 00:02:00 (1726 turns).

Mgcat the Skirmisher (Mummy Monk)                   Turns: 1726, Time: 00:02:01

Health: -5/24      AC:  0    Str: 14    XL:     2   Next: 55%
Magic:  2/2        EV: 13    Int:  9    God:
Gold:   77         SH:  0    Dex: 14    Spells: 1/1 levels left

rFire    x . .     SeeInvis .     - Unarmed
rCold    + . .     Gourm    .   (no shield)
rNeg     + + +     Faith    .   (no armour)
rPois    ∞         Spirit   .   (no helmet)
rElec    .         Reflect  .   (no cloak)
rCorr    .         Harm     .   (no gloves)
MR       .....                  (no boots)
Stlth    ++........             (no amulet)
HPRegen  0.08/turn              (no ring)
MPRegen  0.08/turn              (no ring)

@: no status effects
A: no food or potions, fire vulnerability, cold resistance 1, negative energy
resistance 3, torment resistance, unbreathing
a: no special abilities


You were on level 2 of the Dungeon.
You were not hungry.

You visited 1 branch of the dungeon, and saw 2 of its levels.

You collected 77 gold pieces.

Inventory:

Scrolls
 a - a scroll of teleportation {unknown}
 b - a scroll of identify {unknown}
 c - a scroll of enchant armour {unknown}
 d - a scroll of fear {unknown}
 e - a scroll of remove curse {unknown}
 f - a scroll of amnesia {unknown}


   Skills:
 + Level 3.3 Fighting
 - Level 2.4 Dodging
 + Level 2.0 Stealth
 + Level 2.7 Unarmed Combat


You had one spell level left.
You didn't know any spells.
Your spell library was empty.

Dungeon Overview and Level Annotations

Branches:
Dungeon (2/15)

Altars:


Innate Abilities, Weirdness & Mutations

You do not eat or drink.
Your flesh is vulnerable to fire.
You are immune to poison.
Your flesh is cold resistant. (rC+)
You are immune to negative energy. (rN+++)
You are immune to unholy pain and torment.
You can survive without breathing.


Message History

You start resting.
HP restored.
Health restored: 24
(D) Dungeon
Where to? (Enter - D:1 @ (x,y), ? - help)
What level of the Dungeon? (default 1, ? - help)
You see here a chain mail.
There is a stone staircase leading down here.
You climb downwards.
There is a stone staircase leading up here.
You now have 64 gold pieces (gained 7).
Found a stone staircase leading down.
You now have 77 gold pieces (gained 13).
Found a stone staircase leading up.
Found a stone staircase leading down.
A kobold comes into view. It is wielding a +0 dagger.
A kobold is nearby!
A hound comes into view.
The hound barks!
The kobold shouts!
A hound is nearby!
You hit the hound but do no damage. The hound barely misses you.
A rat comes into view.
The hound bites you.
You take 1 damage, and have 23/24 hp.
You closely miss the hound. The hound barely misses you.
You completely miss the hound. The hound barely misses you.
You barely miss the hound. The hound bites you. The hound barely misses you.
You take 5 damage, and have 18/24 hp.
MASSIVE DAMAGE!!
You are too injured to fight recklessly!
You are too injured to fight recklessly!
The hound bites you.
You take 5 damage, and have 13/24 hp.
MASSIVE DAMAGE!!
There is a stone staircase leading up here.
The rat bites you.
You climb upwards.
There is a stone staircase leading down here.
You take 3 damage, and have 11/24 hp.
You barely miss the rat. The rat bites you.
You take 3 damage, and have 8/24 hp.
You hit the rat.
The rat is severely wounded.
The rat barely misses you.
You hit the rat.
You kill the rat!
You see here a rat corpse.
You start resting.
HP restored.
You regained 12 hp, and now have 20/24 hp.
You start resting.
HP restored.
Health restored: 24 You see here a smoky green potion.
There is a stone staircase leading down here.
You climb downwards.
There is a stone staircase leading up here.
The worm is too close now for your liking.
Spoiler Alert: The worm (wandering) can hit for moderate damage in melee!
Spoiler Alert: The worm can hit for moderate damage in melee!
You start waiting.
The worm is too close now for your liking.
You hit the worm but do no damage. You hit the worm.
The worm is lightly wounded.
The worm bites you!
You take 7 damage, and have 17/24 hp.
MASSIVE DAMAGE!!
Spoiler Alert: The worm can hit for moderate damage in melee!
You are too injured to fight recklessly!
You are too injured to fight recklessly!
You are too injured to fight recklessly!
You are too injured to fight recklessly!
You hit the worm but do no damage.
The worm is lightly wounded.
Spoiler Alert: The worm can hit for moderate damage in melee!
You hit the worm.
The worm is moderately wounded.
The worm barely misses you.
You barely miss the worm.
The worm is moderately wounded.
The worm bites you!
* * * LOW HITPOINT WARNING * * *
You take 11 damage, and have 6/24 hp.
MASSIVE DAMAGE!!
Spoiler Alert: The worm can hit for moderate damage in melee!
You hit the worm.
The worm is heavily wounded.
You hit the worm.
The worm is severely wounded.
The worm barely misses you.
You hit the worm but do no damage.
The worm is severely wounded.
Spoiler Alert: The worm can hit for moderate damage in melee!
You hit the worm but do no damage.
The worm is severely wounded.
The worm closely misses you.
You hit the worm.
The worm is almost dead.
You hit the worm.
The worm is almost dead.
The worm bites you!
Ouch! That really hurt!
You die...

# #.#.#.#.........##....#.
#.####.#.#.#.##########......
#.#........#.# .. ......#
#..........#.# #.# ##...>.#
###.###..%##.# #.# ##...##
#)# ##.###<# #.# ##.## #.#
#w# #.###w## .# #.# #.#
#.##...##### .# #.# #.#
#@#......... #.# #.###w#....#
#.# ##.......#.## #.#
#...##.###.# #.###..........#
#.#.......##.#>##########
#.÷.......##.#..........#
###.......##.#.########.#
###...####.#.########.#


You could see a worm.

Vanquished Creatures
  A leopard gecko (D:1)
  A giant cockroach (D:2)
  2 goblins
  2 hobgoblins
  2 kobolds (D:2)
  A quokka (D:2)
  2 bats
  5 frilled lizards
  3 rats (D:1)
19 creatures vanquished.

Notes
Turn   | Place    | Note
-------+----------+-------------------------------------------
     0 | D:1      | Mgcat the Mummy Monk began the quest for the Orb.
     0 | D:1      | Reached XP level 1. HP: 18/18 MP: 1/1
   513 | D:1      | Reached XP level 2. HP: 22/24 MP: 2/2
   913 | D:2      | Reached skill level 2 in Stealth
  1720 | D:2      | HP: 6/24 [worm (11)]
  1726 | D:2      | Slain by a worm

Levels and vault maps discovered:
D:1:      dpeg_arrival_ternary, layout_loops_cross
D:2:      layout_loops_ring, minmay_misc_feat_ornament

Skill      XL: |  1  2 |
---------------+-------+-----
Stealth        | 2 |  2.0
Fighting       | |  3.3
Dodging        | |  2.4
Unarmed Combat | |  2.7

Action                   || total
-------------------------++-------
Melee: Unarmed           ||    86
       Punch             ||     1
  Use: Scroll            ||     1
 Stab: Sleeping          ||     2
Armor: Robe              ||     7
Dodge: Dodged            ||    50

Table legend:
 A = Non-vault XP
 B = Vault XP
 C = Vault XP percentage of total XP
 D = Non-vault monster count
 E = Vault monster count
 F = Vault count percentage of total count
                 A         B        C        D         E       F
            +---------+---------+-------+---------+---------+-------
      Total |      28 |       0 |   0.0 |      19 |       0 |   0.0
            +---------+---------+-------+---------+---------+-------
        D:1 |      13 |       0 |   0.0 |       9 |       0 |   0.0
        D:2 |      15 |       0 |   0.0 |      10 |       0 |   0.0
            +---------+---------+-------+---------+---------+-------

Levels and vault maps discovered:
D:1:      dpeg_arrival_ternary, layout_loops_cross
D:2:      layout_loops_ring, minmay_misc_feat_ornament

Table legend:
 A = Turns spent in this place as a percentage of turns spent in the entire game.
 B = Non-inter-level travel turns spent in this place as a percentage of non-inter-level travel turns spent in the entire game.
 C = Inter-level travel turns spent in this place as a percentage of turns spent in this place.
 D = Turns resting spent in this place as a percentage of non-inter-level travel turns spent in this place.
 E = Turns spent auto-exploring this place as a percentage of non-inter-level travel turns spent in this place.
 F = Non-inter-level travel turns spent in this place divided by the number of levels of this place that you've seen.
                   A       B       C       D       E      F
               +-------+-------+-------+-------+-------+----------------------
         Total | 100.0 | 100.0 |   5.3 |  39.8 |  46.3 | 817.5
       Dungeon | 100.0 | 100.0 |   5.3 |  39.8 |  46.3 | 817.5
               +-------+-------+-------+-------+-------+----------------------

Table legend:
 A = Kills in this place as a percentage of kills in entire the game.
 B = Kills by you in this place as a percentage of kills by you in the entire game.
 C = Kills by friends in this place as a percentage of kills by friends in the entire game.
 D = Other kills in this place as a percentage of other kills in the entire game.
 E = Experience gained in this place as a percentage of experience gained in the entire game.
 F = Experience gained in this place divided by the number of levels of this place that you have seen.
                   A       B       C       D       E      F
               +-------+-------+-------+-------+-------+----------------------
         Total | 100.0 | 100.0 |   N/A |   N/A | 100.0 |  14.0
       Dungeon | 100.0 | 100.0 |   N/A |   N/A | 100.0 |  14.0
               +-------+-------+-------+-------+-------+----------------------
